Match 45189562
Unlisted

Match 45189562
End
Construct Infanterie Kompanie
Selects Italian Coastal Battlegroup
Selects Coastal Reserves
MG 42 Machine Gun Team
Coastal Reserve
MG 42 Machine Gun Team
Coastal Reserve
Coastal Reserve
Construct Luftwaffe Kompanie
Support Elements
Selects Support Bunkers
Wirbelwind Flakpanzer
Selects Artillery Officer
Artillery Officer
Side Skirts
Marder III M Tank Destroyer
Selects Designated Artillery Overwatch
Marder III M Tank Destroyer
Marder III M Tank Destroyer
Selects Obice da 210/22 Artillery Emplacement
Marder III M Tank Destroyer
Selects Rapid Fortifications
Selects Designated Artillery Overwatch
Selects Bulwark
MG 42 Bunker
Marder III M Tank Destroyer
MG 42 Bunker
Designated Artillery Overwatch
Medical Station
Marder III M Tank Destroyer
Construct Luftwaffe Kompanie
Designated Artillery Overwatch
Pioneer Squad
Construct Panzer Kompanie
Panzer IV Medium Tank
Construct Panzergrenadier Kompanie
Panzer IV Medium Tank
Jäger Squad
Jäger Squad
CansahBudaklar
packapacka
H.S.
Clion3x
Mathinator
Henk
water
Hirys it's Irys
0
0

Comments sign in to comment!

No comments posted yet!